 Dungeon Crawl Stone Soup version 0.30-a0-956-gcec3b41aec (webtiles) character file.

Game seed: 10752218105665103862

6 BlueFish the Grasshopper (level 1, -1/14 HPs)
             Began as an Octopode Warper on Mar 29, 2023.
             Slain by a hobgoblin (4 damage)
             ... on level 1 of the Dungeon.
             The game lasted 00:01:00 (206 turns).

BlueFish the Grasshopper (Octopode Warper)           Turns: 206, Time: 00:01:00

Health: -1/14      AC:  1    Str: 10    XL:     1   Next: 90%
Magic:  3/3        EV: 13    Int: 15    God:
Gold:   31         SH:  0    Dex: 11    Spells: 4/4 levels left

rFire   . . .      SeeInvis .    g - +0 mace
rCold   . . .      Faith    .    (no shield)
rNeg    . . .      Spirit   .    (helmet restricted)
rPois   .          Reflect  .    (no amulet)
rElec   .          Rampage  .    (no ring)
rCorr   .                        (no ring)
Will    .....                    (no ring)
Stlth   ++                       (no ring)
HPRegen 0.22/turn                (no ring)
MPRegen 0.08/turn                (no ring)
                                 (no ring)
                                 (no ring)

@: no status effects
A: almost no armour, amphibious, 8 rings, camouflage 1, gelatinous body 1,
(nimble swimmer 1), tentacles
a: no special abilities


You were on level 1 of the Dungeon.
You visited 1 branch of the dungeon, and saw 1 of its levels.

You collected 31 gold pieces.

Inventory:

Hand Weapons
 g - a +0 mace (weapon)
Missiles
 b - 7 boomerangs of dispersal (quivered)
 e - 7 stones
Scrolls
 a - a scroll of blinking
 c - a scroll of identify {unknown}
 f - a scroll of summoning {unknown}
Potions
 d - a potion of haste {unknown}
 h - a potion of flight {unknown}


   Skills:
 + Level 2.0 Fighting
 + Level 1.1 Throwing
 + Level 2.4 Dodging
 * Level 0.9 Stealth
 - Level 2.0 Unarmed Combat
 + Level 2.1 Spellcasting
 + Level 3.0 Translocations


You had 4 spell levels left.
You didn't know any spells.
Your spell library contained the following spells:

 Spells                   Type           Power      Damage    Failure   Level
 Blink                    Tloc           20%        N/A       10%         2
 Lesser Beckoning         Tloc           20%        N/A       10%         2
 Teleport Other           Tloc           10%        N/A       19%         3
 Vhi's Electric Charge    Tloc/Air       12%        N/A       34%         3
 Manifold Assault         Tloc           10%        N/A       54%         4


Dungeon Overview and Level Annotations

Branches:
Dungeon (1/15)

Altars:


Innate Abilities, Weirdness & Mutations

You cannot wear most types of armour.
You are amphibious.
You can wear up to eight rings at the same time.
Your skin changes colour to match your surroundings (Stealth+).
Your rubbery body absorbs attacks. (AC +1, EV +1)
((You are camouflaged when in or above water. (Stealth+)))
You have tentacles for arms and can constrict up to eight enemies at once.


Message History

You hit the giant cockroach. You squeeze the giant cockroach.
You kill the giant cockroach!
You see here a giant cockroach corpse. 2 jackals come into view.
A bat comes into view.
The jackal barks! x2; You hear a shout!
The bat misses you.
You barely miss the jackal. You grab the jackal.
You squeeze the jackal, but do no damage.
You constrict the jackal, but do no damage.
A bat comes into view.
The bat barely misses you.
The jackal escapes!
The bat hits you but does no damage.
A spectral hobgoblin comes into view.
The jackal closely misses you. The jackal bites you.
The bat closely misses you.
You sock the bat!
You kill the bat!
The bat completely misses you. The jackal misses you. The jackal bites you.
A hobgoblin comes into view.
The jackal closely misses you. The jackal misses you. The bat hits you.
The bat attacks as you move away! The bat hits you.
The bat hits you but does no damage. The hobgoblin barely misses you.
The jackal closely misses you. The bat attacks as you move away!
The bat closely misses you. The bat hits you. The hobgoblin hits you.
The jackal attacks as you move away! The jackal bites you.
The bat attacks as you move away! The bat closely misses you. The bat hits you.
Found a robe.
The bat misses you.
You barely miss the bat. Your grab misses the bat. Your squeeze misses the bat.
The bat closely misses you. The jackal bites you.
You miss the jackal. Your grab misses the jackal. The jackal bites you.
* * * LOW HITPOINT WARNING * * *
You closely miss the jackal. Your grab misses the jackal.
You squeeze the jackal.
The jackal is moderately wounded.
The jackal bites you.
* * * LOW HITPOINT WARNING * * *
The hobgoblin hits you.
You die...

#~ #. ##~.#~### #.#
~~~~#.#...#[# .~~~....#.#.#
######## ~.~~~~....#.####
#....... ~ #....###.....
#.......
~~~#~.......########.......
~.~~~~...##g##.............
~.~~#~..Zh@.##.##.##.......
##. #.##.#####.##.#........ #
8~.#...# #.##.#........
#~~~#...# #.##....)..###
~~~.~#...# #.##.##.##.###
#######...####.##.......##. .
#.............#.......##.
##.###############.#.##.##....
...#.#.#.#.#.#.#.#...##.##.##.


You could see a spectral hobgoblin, a jackal and a hobgoblin.

Vanquished Creatures
  A giant cockroach (D:1)
  2 goblins (D:1)
  A ball python (D:1)
  2 bats (D:1)
6 creatures vanquished.

Notes
Turn   | Place    | Note
-------+----------+-------------------------------------------
     0 | D:1      | BlueFish the Octopode Warper began the quest for the Orb.
     0 | D:1      | Reached XP level 1. HP: 14/14 MP: 3/3
   206 | D:1      | Slain by a hobgoblin

Illustrated notes

Levels and vault maps discovered:
D:1:      co_arrival_square_in_a_square_in_a_square, layout_loops_cross,
          dreamdust_ecumenical_altar_drowned_temple,
          chequers_serial_rivers_micro_a

Action                     || total
---------------------------++-------
  Melee: Mace              ||     9
         Tentacles         ||     7
         Constrict         ||     5
         Club              ||     3
         Unarmed           ||     3
         Punch             ||     1
 Armour: Skin              ||     2
  Dodge: Dodged            ||    24

Table legend: (Time is in decaauts)
 A = Elapsed time spent in this place.
 B = Non-inter-level travel time spent in this place.
 C = Inter-level travel time spent in this place.
 D = Time resting spent in this place.
 E = Time spent auto-exploring this place.
 F = Levels seen in this place.
 G = Mean time per level.
                   A        B        C        D        E       F      G
               +--------+--------+--------+--------+--------+-----+--------+
         Total |    208 |    208 |      0 |      0 |    143 |   1 |  208.0 |
       Dungeon |    208 |    208 |      0 |      0 |    143 |   1 |  208.0 |
               +--------+--------+--------+--------+--------+-----+--------+

Top non-repeatable levels by time:
     D:1: 208 daAuts
